 Dungeon Crawl Stone Soup version 0.23.0 (webtiles) character file.

Game seed: 12254740829157495198

11 redwoodhats the Magician (level 2, -2/24 HPs)
             Began as a Draconian Wanderer on Feb 10, 2019.
             Killed from afar by a dart slug (4 damage)
             ... with a slug dart
             ... on level 1 of the Dungeon.
             The game lasted 00:01:08 (154 turns).

redwoodhats the Magician (Draconian Wanderer)        Turns: 154, Time: 00:01:10

Health: -2/24      AC:  4    Str: 12    XL:     2   Next: 17%
Magic:  6/6        EV: 11    Int: 14    God:
Gold:   12         SH:  0    Dex: 10    Spells: 8/8 levels left

rFire    . . .     SeeInvis .   d - +0 club
rCold    . . .     Gourm    .   (no shield)
rNeg     . . .     Faith    .   (armour unavailable)
rPois    .         Spirit   .   (helmet restricted)
rElec    .         Reflect  .   (no cloak)
rCorr    .         Harm     .   (no gloves)
MR       .....                  (no boots)
Stlth    ++........             (no amulet)
HPRegen  0.08/turn              (no ring)
MPRegen  0.10/turn              (no ring)

@: no status effects
A: unfitting armour, cold-blooded, AC +4
a: no special abilities


You were on level 1 of the Dungeon.
You were not hungry.

You visited 1 branch of the dungeon, and saw 1 of its levels.

You collected 12 gold pieces.

Inventory:

Hand Weapons
 d - a +0 club (weapon)
 e - a +0 dagger
Scrolls
 c - a scroll of teleportation
Comestibles
 f - a ration


   Skills:
 + Level 2.2 Fighting
 + Level 1.0 Dodging
 + Level 1.7 Stealth
   Level 1.0 Shields
 + Level 3.5 Spellcasting
   Level 1.0 Evocations


You had 8 spell levels left.
You didn't know any spells.
Your spell library contained the following spells:

 Spells                   Type           Power        Failure   Level  Hunger
 Magic Dart               Conj           #...         21%         1    None
 Summon Small Mammal      Summ           #...         21%         1    None
 Blink                    Tloc           N/A          30%         2    ##.....
 Call Imp                 Summ           #.......     30%         2    ##.....
 Slow                     Hex            #.......     30%         2    ##.....
 Call Canine Familiar     Summ           #.......     52%         3    ###....
 Conjure Flame            Conj/Fire      #.......     52%         3    ###....
 Mephitic Cloud           Conj/Pois/Air  #.......     52%         3    ###....


Dungeon Overview and Level Annotations

Branches:
Dungeon (1/15)

Altars:


Innate Abilities, Weirdness & Mutations

Your plain brown scales are hard. (AC +4)
You cannot fit into any form of body armour.
You are cold-blooded and may be slowed by cold attacks.


Message History

You barely miss the frilled lizard.
Your tail-slap misses the frilled lizard.
The frilled lizard is heavily wounded.
The frilled lizard bites you but does no damage.
You miss the frilled lizard.
The frilled lizard is heavily wounded.
The frilled lizard closely misses you.
The frilled lizard bites you but does no damage.
You closely miss the frilled lizard.
You tail-slap the frilled lizard, but do no damage.
The frilled lizard is heavily wounded.
The frilled lizard barely misses you.
You hit the frilled lizard.
You kill the frilled lizard!
The dart slug launches a dart at you. The slug dart hits you.
* * * LOW HITPOINT WARNING * * *
The dart slug launches a dart at you. The slug dart hits you.
You die...

..#..####..#.............
..#...##...#.............
..#........#.............
..#........#.............
..##......##.............
..##......##..........##.
..###....###.....###..##
..####''####...#w.......
...............#@###.....
........).............###
......)........#..##..#
####.#########.#..# ..
#.# # .... ... .....
##... .#..##. ###.# .#...
.. .# ###.## .#


You could see a dart slug.

Vanquished Creatures
  An ooze (D:1)
  A bat (D:1)
  3 kobolds (D:1)
  A frilled lizard (D:1)
  2 rats (D:1)
8 creatures vanquished.

Notes
Turn   | Place    | Note
-------+----------+-------------------------------------------
     0 | D:1      | redwoodhats the Draconian Wanderer began the quest for the
                  | Orb.
     0 | D:1      | redwoodhats set off with the following items: a scroll of
                  | teleportation, a +0 club, a +0 dagger, a ration; and the
                  | following spells available to memorise: Magic Dart, Summon
                  | Small Mammal, Blink, Call Imp, Slow, Call Canine Familiar,
                  | Conjure Flame, Mephitic Cloud
     0 | D:1      | Reached XP level 1. HP: 17/17 MP: 4/4
   117 | D:1      | Reached XP level 2. HP: 17/24 MP: 4/6
   154 | D:1      | Killed from afar by a dart slug

Action                   || total
-------------------------++-------
Melee: Club              ||    39
       Tailslap          ||     4
 Stab: Sleeping          ||     1
Armor: Skin              ||    25
Dodge: Dodged            ||    22
